 Dungeon Crawl Stone Soup version 0.29.1-2-gbd0b4ee654 (webtiles) character file.

Game seed: 8290730218344985287

3541 qeuew the Cleaver (level 9, 0/62 HPs)
             Began as a Demonspawn Fighter on Nov 7, 2022.
             Was a Follower of Makhleb.
             Slain by a killer bee (1 damage)
             ... on level 8 of the Dungeon.
             The game lasted 00:12:19 (7680 turns).

qeuew the Cleaver (Demonspawn Fighter)              Turns: 7680, Time: 00:12:20

Health: 0/62       AC: 12    Str: 33    XL:     9   Next: 82%
Magic:  9/9        EV: 14    Int:  9    God:    Makhleb [*.....]
Gold:   333        SH:  8    Dex: 13    Spells: 8/8 levels left

rFire   . . .      SeeInvis +   a - +0 war axe (flame)
rCold   + + .      Faith    .   f - +3 warlock's mirror {reflect}
rNeg    . . .      Spirit   .   b - +0 scale mail
rPois   .          Reflect  +   (no helmet)
rElec   .          Harm     .   (no cloak)
rCorr   .          Rampage  .   (no gloves)
Will    .....                   l - +3 pair of mountain boots {steadfast, rC+}
Stlth   +.........              (no amulet)
HPRegen 0.20/turn               j - +6 ring of strength
MPRegen 0.11/turn               h - ring "Udyreu" {+Blink Str+6 SInv Stlth+}

@: lethally poisoned (0 -> -14), slowed, studying Armour, very slow
A: repulsion field 1, ignite blood 1, weakness stinger 1, cold resistance 1,
frail 1
a: Renounce Religion, Evoke Blink


You were on level 8 of the Dungeon.
You worshipped Makhleb.
Makhleb was aware of your devotion.
You visited 2 branches of the dungeon, and saw 9 of its levels.

You collected 333 gold pieces.

Inventory:

Hand Weapons
 a - a +0 war axe of flaming (weapon)
Armour
 b - a +0 scale mail (worn)
 f - the +3 warlock's mirror (worn) {reflect}
   (You acquired it on level 1 of the Dungeon)

   It can block and reflect piercing ranged attacks and magical attacks against
   the wielder's willpower.
 l - the +3 pair of mountain boots (worn) {steadfast, rC+}
   (You acquired it on level 4 of the Dungeon)

   It prevents involuntary movement, except for blinking, teleportation, or
   banishment.
   rC:        It protects you from cold.
Jewellery
 h - the ring "Udyreu" (right hand) {+Blink Str+6 SInv Stlth+}
   (You acquired it on level 4 of the Dungeon)

   [ring of see invisible]

   Str:       It affects your strength (+6).
   SInv:      It lets you see invisible.
   +Blink:    It lets you blink.
   Stlth:     It makes you more stealthy.
 j - a +6 ring of strength (left hand)
Wands
 r - a wand of paralysis (12)
Scrolls
 e - 3 scrolls of fog
 i - 2 scrolls of teleportation
 m - a scroll of brand weapon
 n - a scroll of magic mapping
 p - a scroll of fear
Potions
 c - a potion of brilliance
 d - 3 potions of might
 g - a potion of curing
 k - a potion of haste


   Skills:
 * Level 5.6 Fighting
 * Level 9.3 Axes
 * Level 6.9 Armour
 * Level 4.9 Dodging
 - Level 1.5 Stealth
 + Level 4.4 Shields


You had 8 spell levels left.
You didn't know any spells.
Your spell library contained the following spells:

 Spells                   Type           Power      Damage    Failure   Level
 Foxfire                  Conj/Fire      0%         2x1d4     67%         1
 Conjure Flame            Conj/Fire      0%         6-21      96%         3
 Gell's Gravitas          Tloc           0%         N/A       96%         3
 Inner Flame              Hex/Fire       0%         N/A       96%         3
 Teleport Other           Tloc           0%         N/A       96%         3
 Flame Wave               Conj/Fire      0%         2d4       100%        4
 Summon Ice Beast         Ice/Summ       0%         N/A       100%        4
 Summon Mana Viper        Hex/Summ       0%         N/A       100%        5
 Dispersal                Tloc           0%         N/A       100%        6
 Monstrous Menagerie      Summ           0%         N/A       100%        7


Dungeon Overview and Level Annotations

Branches:
Dungeon (8/15)             Temple (1/1) D:4
   Lair: D:8-11

Altars:
Fedhas
Hepliaklqana
Kikubaaqudgha
Makhleb
Okawaru
Uskayaw
Vehumet
Xom


Innate Abilities, Weirdness & Mutations

You are surrounded by a mild repulsion field. (EV +2)
Your demonic aura sometimes causes spilled blood to erupt in flames.
You have a small tail.
Your flesh is cold resistant. (rC+)
You are frail. (-10% HP)


Message History

You barely miss the killer bee. x2; The killer bee stings you.
The killer bee stings you but does no damage.
The hornet stings you.
You feel as though you will be slow longer.
The killer bee closely misses you. The hornet misses you.
The killer bee misses you.
The killer bee stings you but does no damage.
The hornet stings you but does no damage.
You block the killer bee's attack.
You miss the hornet.
The hornet is moderately wounded.
You closely miss the killer bee.
The black bear growls angrily.
You slash the killer bee! You burn the killer bee.
You block the killer bee's attack. The killer bee closely misses you.
The hornet stings you but does no damage.
The killer bee stings you but does no damage.
You block the killer bee's attack. The hornet stings you!
You suddenly lose the ability to move!
The killer bee stings you but does no damage. x2
The killer bee stings you. x2; The hornet stings you!
You feel as though you will be slow longer.
The killer bee stings you.
You are poisoned.
The killer bee poisons you! The killer bee stings you.
You are lethally poisoned!
The killer bee poisons you! The hornet stings you!
* * * LOW HITPOINT WARNING * * *
You feel as though you will be slow longer.
You can move again.
You closely miss the hornet.
The hornet is moderately wounded.
You closely miss the killer bee. You hit the killer bee.
You burn the killer bee.
You kill the killer bee!
Makhleb accepts your kill.
* * * LOW HITPOINT WARNING * * *
You feel extremely sick. The killer bee stings you.
You die...

................#.
........#.#.......
#......$.........
##......#.#..)....
.##.................
....................
..........y.........
.........@y..h......
#..................
##...#...........#.
##...#..........##
........<.........?
...............#....
..............##....
............#... ...
...........##....


You could see a hornet, a black bear and a killer bee.

Vanquished Creatures
  Prince Ribbit (D:7)
  Grinder (D:4)
  3 yaks (D:6)
  Menkaure (D:7)
  A water moccasin (D:7)
  2 black bears
  2 ogres
  2 ice beasts
  2 centaurs
  A phantom (D:5)
  2 kobold brigands
  A bullfrog (D:7)
  2 necrophages
  A gnoll sergeant (D:7)
  A scorpion (D:5)
  8 killer bees
  6 howler monkeys
  An orc priest (D:4)
  5 hounds
  2 jellies
  Jessica (D:2)
  2 iguanas
  Natasha (D:2)
  7 orc wizards
  4 gnolls (D:7)
  7 adders
  3 shadow imps
  An ufetubus (D:6)
  A worm (D:1)
  3 dart slugs
  14 orcs
  5 endoplasms
  5 giant cockroaches
  6 goblins
  6 hobgoblins
  3 quokkas
  6 ball pythons
  5 bats
  3 frilled lizards
  16 kobolds
  8 rats
152 creatures vanquished.

Vanquished Creatures (others)
  A kobold (D:6)
1 creature vanquished.

Grand Total: 153 creatures vanquished

Notes
Turn   | Place    | Note
-------+----------+-------------------------------------------
     0 | D:1      | qeuew the Demonspawn Fighter began the quest for the Orb.
     0 | D:1      | Reached XP level 1. HP: 18/18 MP: 1/1
    86 | D:1      | Gained mutation: You have a small tail. [demonic ancestry]
    86 | D:1      | Reached XP level 2. HP: 7/24 MP: 2/2
   123 | D:1      | Reached skill level 2 in Axes
   722 | D:1      | Reached skill level 1 in Dodging
   827 | D:1      | Found a faded altar of an unknown god.
   871 | D:1      | Reached XP level 3. HP: 26/29 MP: 3/3
  1070 | D:1      | Identified a scroll of acquirement
  1070 | D:1      | Acquired the +3 warlock's mirror {reflect}
  1070 | D:1      | Found the +3 warlock's mirror {reflect}
  1464 | D:2      | Noticed Jessica
  1467 | D:2      | Killed Jessica
  1468 | D:2      | Reached XP level 4. HP: 25/35 MP: 4/4
  1658 | D:2      | Noticed Natasha
  1662 | D:2      | Killed Natasha
  1663 | D:2      | Reached skill level 3 in Axes
  2093 | D:3      | Found a hazy altar of Hepliaklqana.
  2094 | D:3      | Found a shimmering altar of Xom.
  2095 | D:3      | Noticed a spectral ugly thing
  2470 | D:3      | Reached XP level 5. HP: 36/41 MP: 5/5
  3093 | D:4      | Noticed Grinder
  3098 | D:4      | Reached skill level 4 in Axes
  3108 | D:4      | Killed Grinder
  3109 | D:4      | Reached XP level 6. HP: 48/48 MP: 6/6
  3303 | D:4      | Reached skill level 5 in Axes
  3303 | D:4      | Gained mutation: Your demonic aura sometimes causes spilled
                  | blood to erupt in flames. [demonic ancestry]
  3303 | D:4      | Reached XP level 7. HP: 54/54 MP: 7/7
  3477 | D:4      | Found a staircase to the Ecumenical Temple.
  3557 | Temple   | Entered the Ecumenical Temple
  3561 | Temple   | Became a worshipper of Makhleb the Destroyer
  4013 | D:4      | Acquired the ring "Udyreu" {+Blink Str+6 SInv Stlth+}
  4016 | D:4      | Acquired the +3 pair of mountain boots {steadfast, rC+}
  4016 | D:4      | Found the +3 pair of mountain boots {steadfast, rC+}
  4029 | D:4      | Acquired a manual of Armour
  4079 | D:5      | Entered Level 5 of the Dungeon
  4089 | D:5      | Reached skill level 1 in Stealth
  4371 | D:5      | Found a blossoming altar of Fedhas.
  4410 | D:5      | Found a radiant altar of Vehumet.
  4415 | D:5      | Found a hide-covered altar of Uskayaw.
  4635 | D:5      | Reached skill level 6 in Axes
  4980 | D:5      | Gained mutation: You are surrounded by a mild repulsion
                  | field. (EV +2) [demonic ancestry]
  4980 | D:5      | Reached XP level 8. HP: 25/61 MP: 8/8
  5267 | D:6      | Reached skill level 7 in Axes
  5278 | D:6      | Reached skill level 5 in Armour
  5831 | D:6      | Reached skill level 8 in Axes
  5831 | D:6      | Reached XP level 9. HP: 67/67 MP: 9/9
  6208 | D:6      | Gained mutation: You are frail. (-10% HP) [potion of
                  | mutation]
  6208 | D:6      | Gained mutation: Your flesh is cold resistant. (rC+)
                  | [potion of mutation]
  6297 | D:7      | Noticed Menkaure
  6307 | D:7      | Killed Menkaure
  6509 | D:7      | Reached * piety under Makhleb
  6613 | D:7      | Reached skill level 5 in Fighting
  7200 | D:7      | Noticed Prince Ribbit
  7207 | D:7      | Killed Prince Ribbit
  7208 | D:7      | Reached skill level 9 in Axes
  7678 | D:8      | Paralysed by a hornet for 2 turns
  7680 | D:8      | HP: 1/62 [poisoned by a killer bee]
  7680 | D:8      | Slain by a killer bee

Illustrated notes

Levels and vault maps discovered:
D:1:      dpeg_arrival_brainrot, layout_loops_ring,
          chequers_ecumenical_altar_twisty
D:2:      layout_loops_ring, uniq_natasha, uniq_jessica
D:3:      layout_basic, regret_index_temple_of_mockery, serial_glass,
          glass_columns_c, glass_columns_c
D:4:      layout_basic, minmay_temple_entry_proselytizer, uniq_grinder
D:5:      layout_gridville, mainiacjoe_overflow_alcove_2,
          gammafunk_temple_overflow_forgotten
D:6:      layout_basic, nicolae_kite_square_tiling_tiny, grunt_decor_fettered,
          minmay_diced_spiral
D:7:      layout_gridville, amcnicky_mini_pool_small, uniq_prince_ribbit1,
          uniq_menkaure
D:8:      layout_cave_pools, trog_wizard, serial_glass, glass_columns_a,
          glass_columns_b, minmay_fractal_squares_5
Temple:   zaba_magenta_temple

Skill      XL: |  1  2  3  4  5  6  7  8  9 |
---------------+----------------------------+-----
Axes           | 2 3 4 5 6 8 9 |  9.3
Dodging        | 1 2 3 4 |  4.9
Armour         | 3 4 5 6 |  6.9
Fighting       | 4 5 |  5.6
Shields        | 3 4 |  4.4
Stealth        | 1 |  1.5

Action                   |  1- 3 |  4- 6 |  7- 9 || total
-------------------------+-------+-------+-------++-------
Melee: War axe           |    95 |    92 |   228 ||   415
       Tailslap          |     5 |     9 |    30 ||    44
  Use: Scroll            |     6 |     1 |    11 ||    18
       Potion            |       |     2 |     7 ||     9
 Stab: Paralysed         |       |     3 |       ||     3
       Sleeping          |       |       |     1 ||     1
Armor: Scale mail        |    65 |    38 |   118 ||   221
Dodge: Dodged            |    37 |    40 |   178 ||   255
Block: Buckler           |    23 |    37 |   127 ||   187
       Reflection        |       |     5 |    11 ||    16
